AoeStats
← Malcolm Little

Arabia

508988306Analyzed
3v3 RM · 6d ago on Sep 25, 2026· 38m 49s· 6 players
Game mode
Random Map
Map size
Normal (6 player)
Population
200
Speed
Normal
Resources
Standard
Victory
Conquest
Starting age
Dark Age
Ending age
Imperial Age
RankedLock teamsTeams togetherTeam positionsShared explorationLock speedFull tech treeHidden civsTurbo modeCheats
Victory
Defeat
🇩🇴 Britons · Dominican Republic
1428
+7
🇲🇽 Mongols · Mexico
1194
+16
🇲🇽 Ethiopians · Mexico
1178
+16
🇦🇷 Varangians · Argentina
1233
-14
🇨🇴 Hindustanis · Colombia
1210
-13
🇨🇴 Khitans · Colombia
1177
-12
INK | LaPulga
6:29 Loom
8:59 Feudal Age
10:52 Double-Bit Axe
14:23 Town Watch
15:50 Forging
19:58 Scale Barding Armor
20:37 Domestication
27:24 Castle Age
25:52 Fletching
26:03 Padded Archer Armor
28:00 Bodkin Arrow
28:22 Leather Archer Armor
28:20 Bow Saw
29:07 Wheelbarrow
28:45 Light Cavalry
28:56 Elite Skirmisher
30:35 Husbandry
30:37 Scale Mail Armor
31:15 Iron Casting
INK | Papa pitufo
6:44 Loom
9:25 Feudal Age
10:12 Double-Bit Axe
13:05 Forging
14:45 Scale Barding Armor
22:08 Castle Age
22:08 Bloodlines
24:12 Husbandry
23:33 Light Cavalry
25:37 Chain Barding Armor
37:05 Iron Casting
INK | Goku
9:45 Feudal Age
9:58 Loom
10:18 Double-Bit Axe
20:00 Bloodlines
21:56 Horse Collar
26:05 Castle Age
24:29 Scale Barding Armor
27:52 Forging
31:00 Iron Casting
37:48 Town Watch
manuelarturo1997
5:35 Loom
8:15 Feudal Age
18:57 Scale Barding Armor
19:38 Double-Bit Axe
21:31 Forging
22:03 Town Watch
22:08 Horse Collar
26:32 Castle Age
25:28 Bloodlines
25:39 Gold Mining
27:17 Husbandry
28:08 Chain Barding Armor
33:50 Iron Casting
38:34 Wheelbarrow
Malcolm Little
6:39 Loom
9:15 Feudal Age
9:54 Double-Bit Axe
19:33 Fletching
22:02 Castle Age
20:52 Forging
21:55 Scale Mail Armor
21:56 Padded Archer Armor
22:48 Squires
22:51 Pikeman
25:33 Bodkin Arrow
26:50 Leather Archer Armor
28:47 Crossbowman
32:22 Iron Casting
35:04 Ballistics
36:42 Wheelbarrow
38:23 Bow Saw
37:55 Horse Collar
39:23 Chain Mail Armor
egamaserrano
7:30 Loom
10:05 Feudal Age
16:03 Fletching
18:12 Padded Archer Armor
26:33 Castle Age
26:35 Crossbowman
27:47 Bodkin Arrow
31:17 Horse Collar
40:45 Imperial Age
38:59 Leather Archer Armor
39:20 Thumb Ring
Connection lost

Rejoining the realm…

Still unreachable

The connection could not be restored.

Session expired

The server has moved on; the page needs a fresh start.